[ AOE2 MATCH · #488526601 ]
UnrankedPersians vs Shu
[ REPLAY ANALYSIS · EXTRACTED FROM THE RECORDED GAME ]
Feudal
10:48
Castle
14:14
Imperial
28:21
| APM avg | 41.0 |
| APM peak | 75 |
| eAPM avg | 28.5 |
| Villagers / military | 193 / 167 |
Focus
⚔️ 37.1% · 🌾 62.9%
Scout Cavalry ×81 · Knight ×74 · Trade Cart ×12 · Trebuchet (Packed) ×5 · Monk ×4 · Mangonel ×3
Feudal
11:26
Castle
15:00
Imperial
29:15
| APM avg | 34.6 |
| APM peak | 81 |
| eAPM avg | 19.6 |
| Villagers / military | 159 / 40 |
Focus
⚔️ 26.3% · 🌾 73.7%
Archer ×32 · Unknown (1942) ×7 · Battering Ram ×5 · Mangonel ×3 · Unknown (1959) ×3
Feudal
11:46
Castle
15:17
Imperial
30:58
| APM avg | 25.2 |
| APM peak | 119 |
| eAPM avg | 13.2 |
| Villagers / military | 129 / 156 |
Focus
⚔️ 37.9% · 🌾 62.1%
Tarkan ×151 · Trade Cart ×28 · Monk ×3 · Scout Cavalry ×2
Feudal
11:46
Castle
15:16
Imperial
28:21
| APM avg | 46.0 |
| APM peak | 112 |
| eAPM avg | 29.7 |
| Villagers / military | 185 / 192 |
Focus
⚔️ 41.3% · 🌾 58.7%
Archer ×180 · Spearman ×7 · Trebuchet (Packed) ×3 · Monk ×1 · Battering Ram ×1
Feudal
10:58
Castle
15:15
Imperial
30:32
| APM avg | 52.3 |
| APM peak | 146 |
| eAPM avg | 28.6 |
| Villagers / military | 165 / 104 |
Focus
⚔️ 37.5% · 🌾 62.5%
Spearman ×75 · Battering Ram ×14 · Mangonel ×12 · Trade Cart ×8 · Trebuchet (Packed) ×2 · Monk ×1
Feudal
11:10
Castle
14:48
Imperial
29:40
| APM avg | 26.7 |
| APM peak | 48 |
| eAPM avg | 16.2 |
| Villagers / military | 136 / 166 |
Focus
⚔️ 23.4% · 🌾 76.6%
Throwing Axeman ×104 · Knight ×56 · Scout Cavalry ×4 · Monk ×2
Feudal
11:09
Castle
15:15
Imperial
31:32
| APM avg | 27.2 |
| APM peak | 78 |
| eAPM avg | 15.7 |
| Villagers / military | 145 / 198 |
Focus
⚔️ 30.1% · 🌾 69.9%
Spearman ×160 · Scout Cavalry ×26 · Mangonel ×9 · Trebuchet (Packed) ×2 · Battering Ram ×1
Feudal
10:56
Castle
14:27
Imperial
29:21
| APM avg | 65.7 |
| APM peak | 116 |
| eAPM avg | 47.5 |
| Villagers / military | 200 / 150 |
Focus
⚔️ 56.7% · 🌾 43.3%
Elephant Archer ×54 · Skirmisher ×52 · Armored Elephant ×34 · Trade Cart ×24 · Bombard Cannon ×6 · Urumi Swordsman ×2
Match map
Initial resources + every placement click. Lines = walls · curves = elevation contours. ◆ gold · ⬟ stone · ● berries · ✦ relic · ◌ wall gap
Your base· ✓ Closed at 14:14 · 0t walls · 2 gate(s)
呱家軍's base· ✓ Closed at 15:00 · 14t walls · 2 gate(s)
JadeArrowGamer's base· ✓ Closed at 15:17 · 0t walls · 3 gate(s)
Niilcha's base· ✓ Closed at 15:16 · 0t walls · 2 gate(s)
Adam's base· ✓ Closed at 15:15 · 0t walls · 2 gate(s)
Caféglacé's base· ✓ Closed at 14:48 · 0t walls · 2 gate(s)
Paradigma's base· ✓ Closed at 15:15 · 0t walls · 2 gate(s)
TAG_Sitaux's base· ✓ Closed at 14:27 · 11t walls · 3 gate(s)
Smoothed initial terrain · ◌ = detected wall gap · hover for details
Inputs per minute
— Smiley - - 呱家軍
Build order — Smiley
First 150 of 488 actions detected
| 0:00 | Create | Villager (Male) |
| 0:01 | Create | Villager (Male) |
| 0:01 | Create | Villager (Male) |
| 0:03 | Build | House |
| 0:04 | Build | House |
| 0:06 | Create | Villager (Male) |
| 0:06 | Create | Villager (Male) |
| 1:32 | Create | Villager (Male) |
| 1:48 | Build | Lumber Camp |
| 2:03 | Create | Villager (Male) |
| 2:03 | Create | Villager (Male) |
| 2:23 | Create | Villager (Male) |
| 2:47 | Create | Villager (Male) |
| 2:51 | Build | House |
| 2:52 | Build | House |
| 3:12 | Create | Villager (Male) |
| 3:37 | Build | House |
| 3:42 | Create | Villager (Male) |
| 3:42 | Create | Villager (Male) |
| 3:44 | Create | Villager (Male) |
| 4:05 | Create | Villager (Male) |
| 4:06 | Create | Villager (Male) |
| 4:24 | Create | Villager (Male) |
| 5:07 | Create | Villager (Male) |
| 5:23 | Build | Mill |
| 5:35 | Create | Villager (Male) |
| 5:36 | Create | Villager (Male) |
| 5:49 | Create | Villager (Male) |
| 5:49 | Create | Villager (Male) |
| 5:49 | Create | Villager (Male) |
| 5:52 | Create | Villager (Male) |
| 5:52 | Create | Villager (Male) |
| 5:53 | Create | Villager (Male) |
| 6:04 | Build | Farm |
| 6:06 | Build | Farm |
| 6:18 | Build | House |
| 6:22 | Build | Farm |
| 6:38 | Create | Villager (Male) |
| 6:38 | Create | Villager (Male) |
| 6:38 | Create | Villager (Male) |
| 7:11 | Create | Villager (Male) |
| 7:11 | Create | Villager (Male) |
| 7:44 | Create | Villager (Male) |
| 8:37 | Research | Feudal Age |
| 8:54 | Build | Mining Camp |
| 9:53 | Create | Villager (Male) |
| 10:48 | Age | Feudal Age |
| 10:55 | Build | Market |
| 11:11 | Build | Blacksmith |
| 11:13 | Create | Villager (Male) |
| 11:49 | Research | Castle Age |
| 11:59 | Create | Villager (Male) |
| 12:14 | Research | Double-Bit Axe |
| 12:22 | Build | House |
| 12:41 | Research | Horse Collar |
| 13:09 | Create | Villager (Male) |
| 13:14 | Build | Farm |
| 14:05 | Create | Villager (Male) |
| 14:14 | Age | Castle Age |
| 14:18 | Build | Town Center |
| 14:18 | Create | Villager (Male) |
| 14:24 | Build | Town Center |
| 14:24 | Create | Villager (Male) |
| 14:31 | Create | Villager (Male) |
| 14:34 | Build | House |
| 14:48 | Build | Monastery |
| 14:55 | Build | Farm |
| 14:57 | Build | Farm |
| 14:57 | Create | Villager (Male) |
| 15:03 | Build | House |
| 15:09 | Create | Villager (Male) |
| 15:23 | Create | Villager (Male) |
| 15:28 | Build | Farm |
| 15:33 | Create | Monk |
| 15:37 | Build | Farm |
| 15:37 | Create | Villager (Male) |
| 15:38 | Create | Villager (Male) |
| 15:42 | Create | Villager (Male) |
| 15:42 | Create | Villager (Male) |
| 15:50 | Build | Farm |
| 16:03 | Create | Villager (Male) |
| 16:05 | Create | Monk |
| 16:10 | Build | House |
| 16:14 | Build | Farm |
| 16:17 | Create | Villager (Male) |
| 16:17 | Create | Villager (Male) |
| 16:17 | Create | Villager (Male) |
| 16:21 | Create | Villager (Male) |
| 16:38 | Create | Villager (Male) |
| 16:38 | Create | Villager (Male) |
| 16:38 | Create | Villager (Male) |
| 16:41 | Build | Farm |
| 16:43 | Build | Farm |
| 16:56 | Create | Villager (Male) |
| 16:56 | Create | Villager (Male) |
| 17:03 | Create | Villager (Male) |
| 17:17 | Create | Villager (Male) |
| 17:17 | Create | Villager (Male) |
| 17:33 | Build | Farm |
| 17:33 | Build | Farm |
| 17:33 | Build | Farm |
| 17:33 | Build | Farm |
| 17:34 | Build | Farm |
| 17:35 | Create | Villager (Male) |
| 17:35 | Create | Villager (Male) |
| 17:48 | Create | Villager (Male) |
| 17:48 | Create | Villager (Male) |
| 17:57 | Create | Monk |
| 18:03 | Create | Villager (Male) |
| 18:04 | Create | Villager (Male) |
| 18:09 | Build | Farm |
| 18:09 | Build | Farm |
| 18:09 | Build | Farm |
| 18:09 | Build | Farm |
| 18:10 | Build | Farm |
| 18:13 | Build | Farm |
| 18:13 | Build | Farm |
| 18:13 | Build | Farm |
| 18:14 | Create | Villager (Male) |
| 18:14 | Create | Villager (Male) |
| 18:37 | Create | Villager (Male) |
| 18:38 | Create | Villager (Male) |
| 18:38 | Create | Villager (Male) |
| 18:49 | Build | Farm |
| 18:49 | Create | Villager (Male) |
| 18:50 | Create | Villager (Male) |
| 19:01 | Create | Villager (Male) |
| 19:01 | Create | Villager (Male) |
| 19:02 | Create | Villager (Male) |
| 19:02 | Create | Villager (Male) |
| 19:05 | Build | Mill |
| 19:06 | Build | Farm |
| 19:06 | Build | Farm |
| 19:06 | Build | Farm |
| 19:06 | Build | Farm |
| 19:06 | Build | Farm |
| 19:07 | Build | Farm |
| 19:15 | Create | Villager (Male) |
| 19:16 | Create | Villager (Male) |
| 19:20 | Create | Villager (Male) |
| 19:20 | Create | Villager (Male) |
| 19:28 | Create | Villager (Male) |
| 19:28 | Create | Villager (Male) |
| 19:34 | Create | Villager (Male) |
| 19:34 | Create | Villager (Male) |
| 19:41 | Create | Villager (Male) |
| 19:46 | Build | House |
| 20:03 | Build | House |
| 20:07 | Build | House |
| 20:08 | Build | House |
Build order — 呱家軍
First 150 of 352 actions detected
| 0:01 | Create | Villager (Male) |
| 0:01 | Create | Villager (Male) |
| 0:03 | Build | House |
| 0:04 | Build | House |
| 0:11 | Create | Villager (Male) |
| 0:11 | Create | Villager (Male) |
| 0:12 | Create | Villager (Male) |
| 1:26 | Create | Villager (Male) |
| 1:26 | Create | Villager (Male) |
| 1:49 | Build | Lumber Camp |
| 1:59 | Create | Villager (Male) |
| 1:59 | Create | Villager (Male) |
| 2:15 | Create | Villager (Male) |
| 2:16 | Create | Villager (Male) |
| 2:49 | Create | Villager (Male) |
| 2:50 | Create | Villager (Male) |
| 3:19 | Create | Villager (Male) |
| 3:19 | Create | Villager (Male) |
| 3:36 | Create | Villager (Male) |
| 3:36 | Create | Villager (Male) |
| 3:42 | Build | Palisade Wall |
| 3:46 | Build | Palisade Wall |
| 3:48 | Build | Palisade Wall |
| 3:51 | Build | Palisade Wall |
| 3:54 | Build | Palisade Wall |
| 4:03 | Build | Palisade Wall |
| 4:06 | Build | Palisade Wall |
| 4:08 | Build | Palisade Wall |
| 4:10 | Build | Palisade Wall |
| 4:15 | Build | Palisade Wall |
| 4:18 | Create | Villager (Male) |
| 4:18 | Create | Villager (Male) |
| 4:18 | Create | Villager (Male) |
| 4:30 | Build | Palisade Gate |
| 4:35 | Build | Palisade Wall |
| 4:38 | Create | Villager (Male) |
| 4:39 | Create | Villager (Male) |
| 4:46 | Build | House |
| 4:52 | Create | Villager (Male) |
| 4:59 | Build | Palisade Wall |
| 5:00 | Build | Palisade Wall |
| 5:02 | Build | Palisade Wall |
| 5:15 | Build | House |
| 6:15 | Create | Villager (Male) |
| 6:15 | Create | Villager (Male) |
| 6:15 | Create | Villager (Male) |
| 6:30 | Create | Villager (Male) |
| 6:38 | Create | Villager (Male) |
| 6:43 | Build | Mill |
| 7:40 | Create | Villager (Male) |
| 8:16 | Create | Villager (Male) |
| 8:44 | Create | Villager (Male) |
| 8:45 | Research | Feudal Age |
| 8:58 | Build | Mining Camp |
| 9:20 | Build | Mining Camp |
| 9:29 | Build | Farm |
| 9:31 | Build | Farm |
| 9:34 | Build | Farm |
| 10:10 | Build | Farm |
| 10:14 | Build | Farm |
| 10:15 | Create | Villager (Male) |
| 10:15 | Create | Villager (Male) |
| 10:38 | Build | House |
| 11:26 | Age | Feudal Age |
| 11:29 | Build | Market |
| 11:32 | Build | Blacksmith |
| 12:20 | Research | Castle Age |
| 12:20 | Research | Castle Age |
| 12:42 | Research | Horse Collar |
| 12:45 | Build | Farm |
| 13:27 | Research | Gold Mining |
| 13:53 | Create | Villager (Male) |
| 14:32 | Research | Double-Bit Axe |
| 14:52 | Research | Loom |
| 14:52 | Create | Villager (Male) |
| 15:00 | Age | Castle Age |
| 15:05 | Research | Bow Saw |
| 15:31 | Create | Villager (Male) |
| 15:41 | Build | Stone Wall |
| 15:48 | Build | Stone Wall |
| 15:50 | Build | Stone Wall |
| 15:52 | Build | Stone Wall |
| 15:56 | Create | Villager (Male) |
| 16:01 | Build | Stone Wall |
| 16:03 | Build | Stone Wall |
| 16:31 | Build | Mining Camp |
| 16:32 | Create | Villager (Male) |
| 16:40 | Create | Villager (Male) |
| 16:46 | Build | House |
| 17:02 | Build | Town Center |
| 17:09 | Build | Siege Workshop |
| 17:15 | Create | Villager (Male) |
| 17:33 | Create | Villager (Male) |
| 17:44 | Create | Mangonel |
| 18:03 | Build | Farm |
| 18:05 | Build | Farm |
| 18:07 | Create | Mangonel |
| 18:09 | Create | Villager (Male) |
| 18:21 | Create | Villager (Male) |
| 18:26 | Build | Farm |
| 18:27 | Create | Villager (Male) |
| 18:28 | Create | Villager (Male) |
| 18:36 | Build | Farm |
| 18:37 | Build | Farm |
| 18:40 | Build | Farm |
| 18:42 | Create | Villager (Male) |
| 18:42 | Create | Villager (Male) |
| 18:55 | Build | Farm |
| 19:12 | Create | Villager (Male) |
| 19:20 | Create | Villager (Male) |
| 19:40 | Build | House |
| 19:43 | Build | House |
| 19:44 | Build | House |
| 19:49 | Create | Villager (Male) |
| 20:01 | Research | Wheelbarrow |
| 20:02 | Create | Villager (Male) |
| 20:03 | Create | Villager (Male) |
| 20:18 | Build | Town Center |
| 20:37 | Build | House |
| 20:38 | Build | House |
| 20:49 | Create | Battering Ram |
| 20:49 | Create | Battering Ram |
| 21:14 | Create | Villager (Male) |
| 21:14 | Create | Villager (Male) |
| 21:24 | Create | Battering Ram |
| 21:32 | Create | Villager (Male) |
| 21:42 | Create | Villager (Male) |
| 21:43 | Create | Villager (Male) |
| 21:48 | Build | Farm |
| 21:48 | Build | Farm |
| 21:48 | Build | Farm |
| 21:49 | Build | Farm |
| 21:54 | Create | Villager (Male) |
| 21:54 | Create | Villager (Male) |
| 21:56 | Create | Villager (Male) |
| 21:58 | Create | Battering Ram |
| 22:08 | Create | Villager (Male) |
| 22:09 | Create | Villager (Male) |
| 22:12 | Build | Farm |
| 22:13 | Build | Farm |
| 22:14 | Build | Farm |
| 22:19 | Build | Farm |
| 22:20 | Create | Villager (Male) |
| 22:21 | Create | Villager (Male) |
| 22:24 | Build | Farm |
| 22:40 | Create | Villager (Male) |
| 22:41 | Create | Villager (Male) |
| 22:47 | Create | Battering Ram |
| 22:55 | Create | Villager (Male) |
| 22:56 | Create | Villager (Male) |
Build order — JadeArrowGamer
First 150 of 265 actions detected
| 0:01 | Create | Villager (Male) ×4 |
| 1:22 | Create | Villager (Male) |
| 1:45 | Build | Lumber Camp |
| 1:47 | Create | Villager (Male) |
| 2:10 | Create | Villager (Male) |
| 2:49 | Create | Villager (Male) ×2 |
| 3:28 | Create | Villager (Male) |
| 3:35 | Create | Villager (Male) |
| 4:07 | Create | Villager (Male) |
| 4:35 | Create | Villager (Male) |
| 4:41 | Build | Mill |
| 5:23 | Create | Villager (Male) |
| 5:23 | Create | Villager (Male) |
| 5:24 | Create | Villager (Male) |
| 6:00 | Build | Farm |
| 6:02 | Build | Farm |
| 6:25 | Create | Villager (Male) |
| 6:25 | Create | Villager (Male) |
| 6:50 | Create | Villager (Male) |
| 7:10 | Create | Villager (Male) |
| 7:15 | Build | Farm |
| 7:15 | Build | Farm |
| 7:32 | Create | Villager (Male) |
| 8:16 | Create | Villager (Male) |
| 8:22 | Build | Farm |
| 8:34 | Create | Villager (Male) |
| 8:54 | Research | Feudal Age |
| 8:58 | Create | Villager (Male) |
| 9:22 | Build | Mining Camp |
| 9:55 | Create | Villager (Male) |
| 10:10 | Build | Barracks |
| 11:46 | Age | Feudal Age |
| 11:49 | Build | Stable |
| 11:55 | Build | Blacksmith |
| 12:13 | Research | Double-Bit Axe |
| 12:29 | Research | Horse Collar |
| 12:37 | Research | Castle Age |
| 12:43 | Create | Scout Cavalry |
| 13:06 | Build | Farm |
| 13:13 | Create | Scout Cavalry |
| 13:14 | Create | Villager (Male) |
| 13:25 | Build | Farm |
| 15:17 | Age | Castle Age |
| 15:18 | Build | Monastery |
| 15:34 | Research | Bow Saw |
| 15:37 | Create | Villager (Male) |
| 15:40 | Build | Town Center |
| 16:01 | Create | Villager (Male) |
| 16:05 | Create | Monk |
| 16:05 | Create | Monk |
| 16:22 | Create | Villager (Male) |
| 16:36 | Create | Villager (Male) |
| 16:36 | Create | Villager (Male) |
| 16:43 | Build | Town Center |
| 17:16 | Create | Villager (Male) ×5 |
| 17:21 | Create | Monk |
| 17:34 | Create | Villager (Male) ×4 |
| 18:04 | Create | Villager (Male) |
| 18:09 | Build | Farm |
| 18:10 | Build | Farm |
| 18:10 | Build | Farm |
| 18:12 | Build | Farm |
| 18:26 | Build | Farm |
| 18:29 | Build | Farm |
| 18:30 | Build | Farm |
| 18:32 | Build | Farm |
| 18:38 | Build | Farm |
| 18:41 | Create | Villager (Male) ×2 |
| 19:15 | Create | Villager (Male) ×2 |
| 19:30 | Create | Villager (Male) |
| 19:36 | Build | Town Center |
| 19:58 | Create | Villager (Male) ×3 |
| 20:11 | Build | Farm |
| 20:17 | Create | Villager (Male) ×3 |
| 20:59 | Create | Villager (Male) ×3 |
| 21:08 | Create | Villager (Male) ×2 |
| 21:34 | Build | Farm |
| 21:34 | Build | Farm |
| 21:35 | Build | Farm |
| 21:35 | Build | Farm |
| 21:35 | Build | Farm |
| 21:35 | Build | Farm |
| 21:36 | Build | Farm |
| 21:38 | Build | Farm |
| 21:39 | Create | Villager (Male) ×3 |
| 21:55 | Create | Villager (Male) ×2 |
| 22:05 | Create | Villager (Male) |
| 22:08 | Build | Farm |
| 22:08 | Build | Farm |
| 22:08 | Build | Farm |
| 22:08 | Build | Farm |
| 22:09 | Build | Farm |
| 22:09 | Build | Farm |
| 22:16 | Build | Farm |
| 22:17 | Build | Farm |
| 22:18 | Build | Farm |
| 22:20 | Build | Farm |
| 22:21 | Build | Farm |
| 22:23 | Create | Villager (Male) ×2 |
| 22:29 | Build | Farm |
| 22:38 | Build | Stable |
| 22:39 | Build | Stable |
| 22:57 | Research | Wheelbarrow |
| 22:58 | Research | Loom |
| 22:58 | Research | Town Watch |
| 22:59 | Create | Villager (Male) |
| 23:04 | Create | Villager (Male) |
| 23:08 | Build | Farm |
| 23:09 | Build | Farm |
| 23:09 | Build | Farm |
| 23:09 | Build | Farm |
| 23:13 | Build | Farm |
| 23:17 | Research | Heavy Plow |
| 23:21 | Create | Villager (Male) |
| 23:42 | Research | Gold Mining |
| 23:44 | Research | Stone Mining |
| 23:46 | Create | Villager (Male) |
| 23:47 | Create | Villager (Male) |
| 23:56 | Build | Stable |
| 23:57 | Create | Villager (Male) ×2 |
| 24:06 | Create | Villager (Male) |
| 24:07 | Create | Villager (Male) |
| 24:33 | Create | Villager (Male) ×5 |
| 24:39 | Create | Villager (Male) ×2 |
| 24:42 | Build | Lumber Camp |
| 24:45 | Build | Farm |
| 24:45 | Build | Farm |
| 24:45 | Build | Farm |
| 24:46 | Build | Farm |
| 24:46 | Build | Farm |
| 24:51 | Research | Gold Shaft Mining |
| 24:52 | Create | Villager (Male) |
| 24:55 | Create | Villager (Male) |
| 25:06 | Build | Market |
| 25:11 | Build | Market |
| 25:14 | Build | Market |
| 25:19 | Create | Villager (Male) ×5 |
| 25:36 | Build | Castle |
| 25:37 | Build | Mining Camp |
| 26:03 | Research | Hand Cart |
| 26:03 | Create | Villager (Male) ×5 |
| 26:42 | Create | Villager (Male) ×5 |
| 26:53 | Build | Market |
| 27:17 | Build | University |
| 27:19 | Create | Villager (Male) ×5 |
| 27:39 | Research | Imperial Age |
| 27:40 | Create | Villager (Male) ×2 |
| 27:40 | Create | Villager (Male) |
| 27:43 | Create | Trade Cart ×5 |
| 27:53 | Research | Scale Barding Armor |
Build order — Niilcha
First 150 of 535 actions detected
| 0:00 | Create | Villager (Male) |
| 0:01 | Create | Villager (Male) |
| 0:02 | Create | Villager (Male) |
| 0:03 | Build | House |
| 0:05 | Build | House |
| 0:06 | Create | Villager (Male) |
| 0:06 | Create | Villager (Male) |
| 1:14 | Create | Villager (Male) |
| 1:30 | Build | Lumber Camp |
| 1:43 | Create | Villager (Male) |
| 1:52 | Create | Villager (Male) |
| 2:39 | Create | Villager (Male) |
| 2:39 | Create | Villager (Male) |
| 2:56 | Create | Villager (Male) |
| 3:17 | Create | Villager (Male) |
| 3:50 | Build | House |
| 3:54 | Create | Villager (Male) |
| 3:54 | Create | Villager (Male) |
| 3:54 | Create | Villager (Male) |
| 4:09 | Create | Villager (Male) |
| 4:46 | Create | Villager (Male) |
| 4:46 | Create | Villager (Male) |
| 5:14 | Build | Mill |
| 5:34 | Build | House |
| 5:41 | Build | Mill |
| 5:47 | Create | Villager (Male) |
| 5:48 | Create | Villager (Male) |
| 5:48 | Create | Villager (Male) |
| 5:48 | Create | Villager (Male) |
| 6:02 | Build | House |
| 6:14 | Create | Villager (Male) |
| 6:14 | Create | Villager (Male) |
| 6:14 | Create | Villager (Male) |
| 6:26 | Create | Villager (Male) |
| 6:26 | Create | Villager (Male) |
| 6:52 | Create | Villager (Male) |
| 6:52 | Create | Villager (Male) |
| 7:02 | Create | Villager (Male) |
| 7:02 | Create | Villager (Male) |
| 7:16 | Build | Lumber Camp |
| 7:22 | Create | Villager (Male) |
| 7:22 | Create | Villager (Male) |
| 7:30 | Create | Villager (Male) |
| 7:30 | Create | Villager (Male) |
| 7:45 | Create | Villager (Male) |
| 8:27 | Build | Farm |
| 8:48 | Build | Farm |
| 9:01 | Build | Mining Camp |
| 9:15 | Research | Feudal Age |
| 9:30 | Build | Farm |
| 9:48 | Build | Farm |
| 10:06 | Build | Farm |
| 10:13 | Build | House |
| 10:16 | Create | Villager (Male) |
| 10:39 | Create | Villager (Male) |
| 10:46 | Build | Farm |
| 11:04 | Build | Farm |
| 11:46 | Age | Feudal Age |
| 11:49 | Build | Market |
| 11:52 | Build | Blacksmith |
| 12:01 | Research | Double-Bit Axe |
| 12:36 | Research | Castle Age |
| 12:36 | Research | Castle Age |
| 12:44 | Build | Farm |
| 12:51 | Build | Farm |
| 13:12 | Create | Villager (Male) |
| 13:20 | Build | Farm |
| 13:26 | Research | Horse Collar |
| 13:31 | Create | Villager (Male) |
| 14:12 | Create | Villager (Male) |
| 15:16 | Age | Castle Age |
| 15:19 | Build | Town Center |
| 15:21 | Build | Town Center |
| 15:26 | Create | Villager (Male) |
| 15:35 | Create | Villager (Male) |
| 15:43 | Research | Heavy Plow |
| 15:44 | Research | Bow Saw |
| 15:47 | Create | Villager (Male) |
| 15:53 | Build | Farm |
| 16:06 | Build | Farm |
| 16:08 | Build | Farm |
| 16:11 | Build | Farm |
| 16:20 | Build | Farm |
| 16:29 | Create | Villager (Male) |
| 16:29 | Create | Villager (Male) |
| 16:47 | Build | Farm |
| 16:58 | Create | Villager (Male) |
| 16:58 | Create | Villager (Male) |
| 16:59 | Create | Villager (Male) |
| 16:59 | Create | Villager (Male) |
| 16:59 | Create | Villager (Male) |
| 17:03 | Create | Villager (Male) |
| 17:08 | Build | Farm |
| 17:09 | Build | Farm |
| 17:17 | Build | Farm |
| 17:22 | Build | Farm |
| 17:25 | Create | Villager (Male) |
| 17:26 | Create | Villager (Male) |
| 17:26 | Create | Villager (Male) |
| 17:26 | Create | Villager (Male) |
| 17:34 | Build | Farm |
| 17:39 | Research | Wheelbarrow |
| 17:48 | Create | Villager (Male) |
| 17:48 | Create | Villager (Male) |
| 17:48 | Create | Villager (Male) |
| 17:52 | Build | House |
| 17:55 | Build | House |
| 17:57 | Build | Farm |
| 18:05 | Create | Villager (Male) |
| 18:05 | Create | Villager (Male) |
| 18:07 | Build | House |
| 18:10 | Create | Villager (Male) |
| 18:23 | Build | Farm |
| 18:26 | Build | Farm |
| 18:30 | Create | Villager (Male) |
| 18:31 | Create | Villager (Male) |
| 18:33 | Create | Villager (Male) |
| 18:38 | Build | House |
| 18:46 | Research | Gold Mining |
| 18:48 | Build | House |
| 18:59 | Build | Barracks |
| 19:05 | Create | Villager (Male) |
| 19:06 | Create | Villager (Male) |
| 19:20 | Build | Mining Camp |
| 19:27 | Create | Villager (Male) |
| 19:41 | Build | Farm |
| 19:42 | Build | Farm |
| 19:43 | Create | Villager (Male) |
| 19:47 | Research | Loom |
| 19:53 | Create | Spearman |
| 20:03 | Create | Spearman |
| 20:06 | Create | Villager (Male) |
| 20:07 | Create | Villager (Male) |
| 20:10 | Research | Squires |
| 20:28 | Research | Pikeman (upgrade) |
| 20:28 | Create | Spearman |
| 20:31 | Create | Villager (Male) |
| 20:31 | Create | Villager (Male) |
| 20:31 | Create | Villager (Male) |
| 20:55 | Create | Villager (Male) |
| 20:56 | Create | Villager (Male) |
| 20:56 | Create | Villager (Male) |
| 20:59 | Build | Farm |
| 21:00 | Build | Farm |
| 21:01 | Create | Spearman |
| 21:14 | Research | Hand Cart |
| 21:25 | Create | Villager (Male) |
| 21:42 | Create | Villager (Male) |
| 21:43 | Create | Villager (Male) |
| 21:43 | Create | Villager (Male) |
Build order — Adam
First 150 of 467 actions detected
| 0:01 | Create | Villager (Male) |
| 0:01 | Create | Villager (Male) |
| 0:01 | Create | Villager (Male) |
| 0:01 | Create | Villager (Male) |
| 0:03 | Build | House |
| 0:07 | Build | House |
| 1:25 | Create | Villager (Male) |
| 1:25 | Create | Villager (Male) |
| 2:04 | Create | Villager (Male) |
| 2:23 | Create | Villager (Male) |
| 2:34 | Build | Lumber Camp |
| 2:53 | Create | Villager (Male) |
| 2:53 | Create | Villager (Male) |
| 3:25 | Create | Villager (Male) |
| 3:25 | Create | Villager (Male) |
| 3:30 | Build | House |
| 3:53 | Create | Villager (Male) |
| 4:26 | Create | Villager (Male) |
| 4:26 | Create | Villager (Male) |
| 4:26 | Create | Villager (Male) |
| 4:59 | Build | Mill |
| 4:59 | Create | Villager (Male) |
| 5:30 | Build | House |
| 6:15 | Create | Villager (Male) |
| 6:38 | Create | Villager (Male) |
| 7:07 | Create | Villager (Male) |
| 7:22 | Build | Farm |
| 7:29 | Create | Villager (Male) |
| 7:41 | Build | Farm |
| 7:53 | Create | Villager (Male) |
| 8:22 | Create | Villager (Male) |
| 8:47 | Build | Mining Camp |
| 8:48 | Research | Feudal Age |
| 8:59 | Build | Farm |
| 9:38 | Build | House |
| 10:27 | Create | Villager (Male) |
| 10:58 | Age | Feudal Age |
| 11:00 | Build | Market |
| 11:07 | Build | Blacksmith |
| 11:24 | Create | Villager (Male) |
| 11:26 | Build | Mining Camp |
| 11:51 | Create | Villager (Male) |
| 12:06 | Build | Farm |
| 12:35 | Research | Castle Age |
| 13:15 | Research | Horse Collar |
| 13:15 | Research | Horse Collar |
| 13:19 | Build | Farm |
| 13:45 | Build | Farm |
| 14:14 | Build | House |
| 14:15 | Research | Double-Bit Axe |
| 15:15 | Age | Castle Age |
| 15:17 | Build | Castle |
| 15:20 | Create | Villager (Male) |
| 15:46 | Create | Villager (Male) |
| 15:48 | Build | Farm |
| 16:03 | Build | Town Center |
| 16:05 | Create | Villager (Male) |
| 16:16 | Build | Stone Wall |
| 16:25 | Create | Villager (Male) |
| 16:29 | Build | Farm |
| 16:45 | Build | Monastery |
| 16:56 | Create | Villager (Male) |
| 17:13 | Create | Villager (Male) |
| 17:14 | Create | Villager (Male) |
| 17:16 | Build | Farm |
| 17:24 | Create | Villager (Male) |
| 17:26 | Build | Farm |
| 17:29 | Create | Monk |
| 17:37 | Build | Farm |
| 17:40 | Create | Villager (Male) |
| 17:57 | Create | Villager (Male) |
| 18:10 | Build | Farm |
| 18:13 | Build | Farm |
| 18:14 | Create | Villager (Male) |
| 18:23 | Create | Villager (Male) |
| 18:28 | Build | Farm |
| 18:33 | Build | Town Center |
| 18:38 | Create | Villager (Male) |
| 18:52 | Create | Villager (Male) |
| 18:55 | Build | Farm |
| 19:04 | Create | Villager (Male) |
| 19:05 | Create | Villager (Male) |
| 19:05 | Create | Villager (Male) |
| 19:10 | Create | Villager (Male) |
| 19:15 | Create | Villager (Male) |
| 19:35 | Create | Villager (Male) |
| 19:44 | Create | Villager (Male) |
| 19:44 | Create | Villager (Male) |
| 19:50 | Build | Farm |
| 19:50 | Build | Farm |
| 19:50 | Build | Farm |
| 19:50 | Build | Farm |
| 19:51 | Build | Farm |
| 19:56 | Build | Farm |
| 19:57 | Create | Villager (Male) |
| 19:57 | Create | Villager (Male) |
| 20:13 | Create | Villager (Male) |
| 20:13 | Create | Villager (Male) |
| 20:15 | Create | Villager (Male) |
| 20:21 | Build | Siege Workshop |
| 20:23 | Create | Villager (Male) |
| 20:36 | Build | Town Center |
| 20:45 | Create | Villager (Male) |
| 20:45 | Create | Villager (Male) |
| 20:45 | Create | Villager (Male) |
| 21:09 | Create | Villager (Male) |
| 21:09 | Create | Villager (Male) |
| 21:10 | Create | Villager (Male) |
| 21:14 | Create | Mangonel |
| 21:17 | Build | House |
| 21:19 | Build | House |
| 21:20 | Build | House |
| 21:21 | Build | House |
| 21:22 | Create | Villager (Male) |
| 21:40 | Create | Villager (Male) |
| 21:41 | Create | Villager (Male) |
| 21:42 | Create | Villager (Male) |
| 21:42 | Create | Villager (Male) |
| 21:45 | Build | Farm |
| 21:45 | Build | Farm |
| 21:45 | Build | Farm |
| 21:45 | Build | Farm |
| 21:46 | Build | Farm |
| 21:46 | Build | Farm |
| 21:46 | Build | Farm |
| 21:46 | Build | Farm |
| 21:47 | Build | Farm |
| 21:47 | Build | Farm |
| 21:49 | Create | Villager (Male) |
| 22:03 | Create | Villager (Male) |
| 22:03 | Create | Villager (Male) |
| 22:07 | Create | Villager (Male) |
| 22:09 | Create | Mangonel |
| 22:24 | Create | Villager (Male) |
| 22:26 | Create | Villager (Male) |
| 22:31 | Create | Villager (Male) |
| 22:42 | Build | Farm |
| 22:53 | Create | Villager (Male) |
| 23:12 | Create | Villager (Male) |
| 23:22 | Create | Villager (Male) |
| 23:22 | Create | Villager (Male) |
| 23:23 | Create | Villager (Male) |
| 23:23 | Create | Villager (Male) |
| 23:23 | Create | Villager (Male) |
| 23:23 | Create | Villager (Male) |
| 23:30 | Build | Mill |
| 23:31 | Build | Farm |
| 23:31 | Build | Farm |
| 23:31 | Build | Farm |
| 23:31 | Build | Farm |
Build order — Caféglacé
First 150 of 349 actions detected
| 0:01 | Create | Villager (Male) ×4 |
| 0:02 | Build | House |
| 0:04 | Build | House |
| 1:26 | Create | Villager (Male) |
| 1:45 | Build | Lumber Camp |
| 2:09 | Create | Villager (Male) |
| 2:10 | Create | Villager (Male) |
| 2:18 | Create | Villager (Male) |
| 2:47 | Create | Villager (Male) |
| 3:12 | Create | Villager (Male) |
| 3:31 | Create | Villager (Male) |
| 3:55 | Build | House |
| 3:56 | Build | House |
| 3:57 | Build | House |
| 4:06 | Create | Villager (Male) |
| 4:06 | Create | Villager (Male) |
| 4:26 | Create | Villager (Male) |
| 4:53 | Create | Villager (Male) |
| 4:53 | Create | Villager (Male) |
| 5:25 | Create | Villager (Male) |
| 5:29 | Build | Mill |
| 5:51 | Create | Villager (Male) |
| 5:52 | Create | Villager (Male) |
| 5:52 | Create | Villager (Male) |
| 6:10 | Create | Villager (Male) |
| 7:21 | Build | Farm |
| 7:41 | Build | Mining Camp |
| 7:45 | Create | Villager (Male) |
| 7:45 | Create | Villager (Male) |
| 7:52 | Create | Villager (Male) |
| 8:57 | Research | Feudal Age |
| 9:34 | Create | Villager (Male) |
| 9:34 | Create | Villager (Male) |
| 10:46 | Build | Farm |
| 10:47 | Build | Farm |
| 11:10 | Age | Feudal Age |
| 11:12 | Build | Market |
| 11:15 | Build | Blacksmith |
| 11:57 | Build | Farm |
| 12:00 | Build | Farm |
| 12:08 | Research | Castle Age |
| 12:20 | Build | House |
| 12:21 | Build | House |
| 12:48 | Research | Double-Bit Axe |
| 13:59 | Create | Villager (Male) |
| 13:59 | Create | Villager (Male) |
| 14:48 | Age | Castle Age |
| 14:52 | Build | Monastery |
| 14:57 | Build | Town Center |
| 15:16 | Build | Town Center |
| 15:24 | Create | Villager (Male) |
| 15:36 | Create | Monk |
| 15:44 | Create | Villager (Male) |
| 15:56 | Build | Farm |
| 16:05 | Create | Villager (Male) |
| 16:07 | Build | Farm |
| 16:23 | Create | Villager (Male) |
| 16:24 | Create | Villager (Male) |
| 16:30 | Build | Farm |
| 16:34 | Build | Farm |
| 16:35 | Create | Villager (Male) |
| 16:40 | Create | Monk |
| 16:49 | Create | Villager (Male) |
| 16:49 | Create | Villager (Male) |
| 16:50 | Create | Villager (Male) |
| 16:56 | Build | Farm |
| 17:00 | Build | Farm |
| 17:03 | Create | Villager (Male) |
| 17:03 | Create | Villager (Male) |
| 17:10 | Build | Farm |
| 17:27 | Create | Villager (Male) |
| 17:27 | Create | Villager (Male) |
| 17:27 | Create | Villager (Male) |
| 17:32 | Build | Farm |
| 17:33 | Build | Farm |
| 17:35 | Create | Villager (Male) |
| 17:36 | Create | Villager (Male) |
| 17:39 | Build | Farm |
| 17:44 | Build | Farm |
| 17:49 | Create | Villager (Male) |
| 17:52 | Build | Farm |
| 18:04 | Create | Villager (Male) |
| 18:04 | Create | Villager (Male) |
| 18:08 | Build | Farm |
| 18:09 | Build | Farm |
| 18:13 | Build | Farm |
| 18:16 | Create | Villager (Male) |
| 18:16 | Create | Villager (Male) |
| 18:19 | Build | Farm |
| 18:35 | Create | Villager (Male) ×2 |
| 18:39 | Build | House |
| 18:40 | Build | House |
| 18:41 | Build | House |
| 18:46 | Build | Farm |
| 18:47 | Build | Farm |
| 18:48 | Create | Villager (Male) |
| 18:48 | Create | Villager (Male) |
| 18:50 | Build | Farm |
| 19:08 | Create | Villager (Male) |
| 19:08 | Create | Villager (Male) |
| 19:22 | Create | Villager (Male) |
| 19:22 | Create | Villager (Male) |
| 19:27 | Build | Farm |
| 19:28 | Build | Farm |
| 19:29 | Build | Farm |
| 19:35 | Build | Farm |
| 19:37 | Build | Farm |
| 19:50 | Create | Villager (Male) |
| 19:50 | Create | Villager (Male) |
| 20:03 | Build | House |
| 20:04 | Build | House |
| 20:04 | Build | House |
| 20:05 | Build | House |
| 20:15 | Create | Villager (Male) |
| 20:15 | Create | Villager (Male) |
| 20:19 | Build | Farm |
| 20:21 | Build | Farm |
| 20:22 | Build | Farm |
| 20:23 | Create | Villager (Male) |
| 20:23 | Create | Villager (Male) |
| 20:26 | Create | Villager (Male) |
| 20:27 | Research | Wheelbarrow |
| 20:30 | Build | Farm |
| 20:33 | Build | Farm |
| 20:40 | Build | Farm |
| 20:50 | Create | Villager (Male) |
| 20:50 | Create | Villager (Male) |
| 20:55 | Build | Farm |
| 21:05 | Build | Farm |
| 21:06 | Create | Villager (Male) |
| 21:12 | Build | Farm |
| 21:31 | Create | Villager (Male) |
| 21:32 | Create | Villager (Male) |
| 21:32 | Create | Villager (Male) |
| 21:32 | Create | Villager (Male) |
| 21:33 | Create | Villager (Male) |
| 21:33 | Create | Villager (Male) |
| 21:36 | Build | House |
| 21:37 | Build | House |
| 21:39 | Build | House |
| 21:56 | Build | Town Center |
| 21:58 | Create | Villager (Male) |
| 21:58 | Create | Villager (Male) |
| 22:19 | Create | Villager (Male) |
| 22:20 | Create | Villager (Male) |
| 22:20 | Create | Villager (Male) |
| 22:23 | Research | Gold Mining |
| 22:24 | Research | Stone Mining |
| 22:31 | Research | Bow Saw |
| 22:34 | Create | Villager (Male) |
Build order — Paradigma
First 150 of 297 actions detected
| 0:01 | Create | Villager (Male) ×4 |
| 0:03 | Build | House |
| 0:06 | Build | House |
| 1:41 | Create | Villager (Male) |
| 2:13 | Build | Lumber Camp |
| 2:17 | Create | Villager (Male) |
| 2:17 | Create | Villager (Male) |
| 2:17 | Create | Villager (Male) |
| 2:55 | Create | Villager (Male) |
| 3:30 | Create | Villager (Male) |
| 3:30 | Create | Villager (Male) |
| 3:52 | Build | House |
| 3:54 | Build | House |
| 3:57 | Create | Villager (Male) |
| 4:37 | Create | Villager (Male) |
| 4:37 | Create | Villager (Male) |
| 4:55 | Build | Mill |
| 5:15 | Create | Villager (Male) |
| 6:00 | Create | Villager (Male) |
| 6:00 | Create | Villager (Male) |
| 6:00 | Create | Villager (Male) |
| 6:45 | Build | Mill |
| 6:53 | Create | Villager (Male) |
| 7:29 | Build | House |
| 7:36 | Create | Villager (Male) |
| 7:37 | Create | Villager (Male) |
| 8:30 | Build | Mining Camp |
| 8:34 | Create | Villager (Male) |
| 8:42 | Research | Feudal Age |
| 8:43 | Create | Villager (Male) |
| 8:43 | Create | Villager (Male) |
| 9:55 | Create | Villager (Male) |
| 11:09 | Age | Feudal Age |
| 11:18 | Build | Market |
| 11:21 | Build | Blacksmith |
| 11:47 | Build | House |
| 12:03 | Create | Villager (Male) |
| 12:35 | Research | Castle Age |
| 12:46 | Build | Lumber Camp |
| 13:07 | Research | Double-Bit Axe |
| 13:49 | Research | Horse Collar |
| 14:24 | Build | Farm |
| 14:26 | Build | Farm |
| 14:28 | Build | Farm |
| 14:29 | Build | Farm |
| 14:32 | Build | Farm |
| 14:33 | Build | Farm |
| 14:35 | Build | Farm |
| 14:36 | Build | Farm |
| 14:53 | Create | Villager (Male) |
| 15:15 | Age | Castle Age |
| 15:27 | Build | Town Center |
| 15:32 | Create | Villager (Male) |
| 15:39 | Build | Farm |
| 15:41 | Build | Farm |
| 15:54 | Create | Villager (Male) |
| 16:36 | Create | Villager (Male) |
| 16:44 | Build | Town Center |
| 17:14 | Create | Villager (Male) |
| 17:14 | Create | Villager (Male) |
| 17:14 | Create | Villager (Male) |
| 17:21 | Build | Farm |
| 17:23 | Build | House |
| 17:26 | Build | Farm |
| 17:31 | Build | Farm |
| 17:49 | Research | Wheelbarrow |
| 17:50 | Create | Villager (Male) |
| 17:50 | Create | Villager (Male) |
| 18:02 | Build | Farm |
| 18:03 | Build | Farm |
| 18:10 | Build | Farm |
| 18:12 | Create | Villager (Male) |
| 18:12 | Create | Villager (Male) |
| 18:15 | Build | House |
| 18:16 | Build | House |
| 18:30 | Create | Villager (Male) |
| 18:47 | Build | Farm |
| 18:49 | Build | Farm |
| 18:50 | Build | Farm |
| 18:57 | Build | Farm |
| 19:01 | Build | Farm |
| 19:02 | Build | Farm |
| 19:04 | Create | Villager (Male) ×5 |
| 19:22 | Create | Villager (Male) |
| 19:35 | Research | Bow Saw |
| 19:38 | Build | House |
| 19:40 | Build | House |
| 19:42 | Create | Villager (Male) |
| 19:47 | Build | Farm |
| 19:51 | Build | Farm |
| 19:59 | Build | Farm |
| 20:03 | Create | Villager (Male) ×3 |
| 20:05 | Build | Farm |
| 20:09 | Build | House |
| 20:11 | Create | Villager (Male) |
| 20:11 | Create | Villager (Male) |
| 20:26 | Build | Farm |
| 20:30 | Build | Farm |
| 20:32 | Build | Farm |
| 20:33 | Create | Villager (Male) |
| 20:34 | Create | Villager (Male) |
| 20:34 | Create | Villager (Male) |
| 20:42 | Build | Farm |
| 20:47 | Build | Farm |
| 20:48 | Create | Villager (Male) |
| 20:49 | Create | Villager (Male) |
| 20:49 | Create | Villager (Male) |
| 20:53 | Build | House |
| 21:03 | Build | Barracks |
| 21:10 | Create | Villager (Male) |
| 21:10 | Create | Villager (Male) |
| 21:16 | Build | Mining Camp |
| 21:26 | Research | Stone Mining |
| 21:32 | Research | Loom |
| 21:33 | Create | Villager (Male) |
| 21:34 | Create | Villager (Male) |
| 21:55 | Build | Farm |
| 21:56 | Build | Farm |
| 22:02 | Build | Farm |
| 22:05 | Build | Farm |
| 22:08 | Build | Farm |
| 22:11 | Create | Villager (Male) |
| 22:11 | Create | Villager (Male) |
| 22:12 | Create | Villager (Male) |
| 22:13 | Create | Villager (Male) |
| 22:13 | Create | Villager (Male) |
| 22:21 | Create | Spearman |
| 22:21 | Create | Spearman |
| 22:25 | Build | House |
| 22:26 | Build | House |
| 22:27 | Build | House |
| 22:29 | Build | House |
| 22:29 | Build | House |
| 22:34 | Build | House |
| 22:37 | Create | Villager (Male) |
| 22:37 | Create | Villager (Male) |
| 22:54 | Build | Outpost |
| 23:04 | Research | Hand Cart |
| 23:05 | Create | Villager (Male) |
| 23:05 | Create | Villager (Male) |
| 23:05 | Create | Villager (Male) |
| 23:13 | Build | Farm |
| 23:29 | Research | Gold Mining |
| 23:57 | Build | Stable |
| 24:07 | Build | House |
| 24:08 | Build | House |
| 24:10 | Build | House |
| 24:26 | Build | Outpost |
| 24:31 | Create | Spearman |
| 24:32 | Create | Spearman |
Build order — TAG_Sitaux
First 150 of 612 actions detected
| 0:01 | Create | Villager (Male) |
| 0:01 | Create | Villager (Male) |
| 0:02 | Build | House |
| 0:02 | Build | House |
| 0:08 | Create | Villager (Male) |
| 0:08 | Create | Villager (Male) |
| 1:29 | Create | Villager (Male) |
| 1:29 | Create | Villager (Male) |
| 1:54 | Create | Villager (Male) |
| 1:57 | Build | Lumber Camp |
| 2:17 | Create | Villager (Male) |
| 2:18 | Create | Villager (Male) |
| 2:42 | Create | Villager (Male) |
| 2:42 | Create | Villager (Male) |
| 3:00 | Create | Villager (Male) |
| 3:00 | Create | Villager (Male) |
| 3:10 | Build | House |
| 3:11 | Build | House |
| 3:29 | Build | Palisade Wall |
| 3:30 | Build | Palisade Wall |
| 3:31 | Build | Palisade Wall |
| 3:32 | Build | Palisade Wall |
| 3:33 | Build | Palisade Wall |
| 3:34 | Build | Palisade Wall |
| 3:35 | Build | Palisade Wall |
| 3:36 | Build | Palisade Wall |
| 3:37 | Build | Palisade Wall |
| 3:37 | Build | Palisade Wall |
| 3:40 | Create | Villager (Male) |
| 3:52 | Create | Villager (Male) |
| 3:52 | Create | Villager (Male) |
| 4:24 | Create | Villager (Male) |
| 4:24 | Create | Villager (Male) |
| 4:46 | Build | Mill |
| 4:47 | Create | Villager (Male) |
| 4:48 | Create | Villager (Male) |
| 5:07 | Create | Villager (Male) |
| 5:39 | Build | Farm |
| 5:41 | Create | Villager (Male) |
| 6:00 | Create | Villager (Male) |
| 6:22 | Build | Farm |
| 6:39 | Create | Villager (Male) |
| 6:48 | Build | Palisade Wall |
| 7:01 | Create | Villager (Male) |
| 7:22 | Create | Villager (Male) |
| 7:24 | Build | Mining Camp |
| 7:55 | Create | Villager (Male) |
| 8:18 | Create | Villager (Male) |
| 8:28 | Build | House |
| 8:46 | Research | Feudal Age |
| 8:46 | Research | Feudal Age |
| 10:24 | Create | Villager (Male) |
| 10:56 | Age | Feudal Age |
| 10:58 | Build | Market |
| 10:59 | Build | Blacksmith |
| 11:16 | Create | Villager (Male) |
| 11:21 | Research | Double-Bit Axe |
| 11:22 | Research | Double-Bit Axe |
| 11:32 | Build | Farm |
| 11:33 | Build | Farm |
| 11:35 | Build | Farm |
| 11:39 | Build | Farm |
| 11:47 | Research | Castle Age |
| 11:47 | Research | Castle Age |
| 11:54 | Build | Farm |
| 11:57 | Build | Farm |
| 12:07 | Research | Double-Bit Axe |
| 12:08 | Research | Double-Bit Axe |
| 12:31 | Research | Horse Collar |
| 12:32 | Research | Horse Collar |
| 12:58 | Build | House |
| 13:40 | Create | Villager (Male) |
| 14:27 | Age | Castle Age |
| 14:31 | Build | Town Center |
| 14:33 | Build | Town Center |
| 14:35 | Build | Town Center |
| 14:39 | Create | Villager (Male) |
| 15:06 | Create | Villager (Male) |
| 15:21 | Research | Bow Saw |
| 15:21 | Research | Bow Saw |
| 15:36 | Create | Villager (Male) |
| 15:44 | Build | Farm |
| 15:54 | Create | Villager (Male) |
| 15:57 | Build | Farm |
| 15:58 | Create | Villager (Male) |
| 16:00 | Create | Villager (Male) |
| 16:11 | Create | Villager (Male) |
| 16:12 | Create | Villager (Male) |
| 16:21 | Create | Villager (Male) |
| 16:29 | Create | Villager (Male) |
| 16:34 | Build | Farm |
| 16:35 | Create | Villager (Male) |
| 16:37 | Build | Farm |
| 16:38 | Create | Villager (Male) |
| 16:40 | Build | Farm |
| 16:43 | Build | Farm |
| 16:44 | Create | Villager (Male) |
| 16:51 | Build | Farm |
| 16:52 | Create | Villager (Male) |
| 17:00 | Create | Villager (Male) |
| 17:01 | Build | Farm |
| 17:11 | Build | Farm |
| 17:14 | Create | Villager (Male) |
| 17:18 | Create | Villager (Male) |
| 17:22 | Build | Farm |
| 17:23 | Create | Villager (Male) |
| 17:28 | Create | Villager (Male) |
| 17:35 | Build | Outpost |
| 17:36 | Create | Villager (Male) |
| 17:39 | Build | Farm |
| 17:46 | Create | Villager (Male) |
| 17:50 | Build | Farm |
| 17:57 | Build | Farm |
| 17:59 | Create | Villager (Male) |
| 18:00 | Build | Farm |
| 18:05 | Build | Farm |
| 18:05 | Create | Villager (Male) |
| 18:10 | Build | House |
| 18:14 | Create | Villager (Male) |
| 18:16 | Build | House |
| 18:20 | Build | House |
| 18:28 | Research | Wheelbarrow |
| 18:28 | Research | Wheelbarrow |
| 18:30 | Build | Farm |
| 18:32 | Build | Farm |
| 18:36 | Build | Farm |
| 18:38 | Create | Villager (Male) |
| 18:41 | Create | Villager (Male) |
| 18:41 | Create | Villager (Male) |
| 18:48 | Build | Farm |
| 18:51 | Build | Farm |
| 18:53 | Build | House |
| 18:56 | Create | Villager (Male) |
| 18:56 | Create | Villager (Male) |
| 19:03 | Create | Villager (Male) |
| 19:04 | Create | Villager (Male) |
| 19:04 | Create | Villager (Male) |
| 19:10 | Create | Villager (Male) |
| 19:20 | Create | Villager (Male) |
| 19:26 | Build | House |
| 19:27 | Create | Villager (Male) |
| 19:27 | Create | Villager (Male) |
| 19:33 | Create | Villager (Male) |
| 19:41 | Build | Town Center |
| 19:47 | Create | Villager (Male) |
| 19:51 | Create | Villager (Male) |
| 19:51 | Create | Villager (Male) |
| 19:57 | Create | Villager (Male) |
| 19:58 | Create | Villager (Male) |
| 20:01 | Build | House |
Match timeline
| 3:29 | TAG_Sitaux · wall_segment Palisade Wall x1 |
| 3:30 | TAG_Sitaux · wall_segment Palisade Wall x1 |
| 3:31 | TAG_Sitaux · wall_segment Palisade Wall x1 |
| 3:32 | TAG_Sitaux · wall_segment Palisade Wall x1 |
| 3:33 | TAG_Sitaux · wall_segment Palisade Wall x1 |
| 3:34 | TAG_Sitaux · wall_segment Palisade Wall x1 |
| 3:35 | TAG_Sitaux · wall_segment Palisade Wall x1 |
| 3:36 | TAG_Sitaux · wall_segment Palisade Wall x1 |
| 3:37 | TAG_Sitaux · wall_segment Palisade Wall x1 |
| 3:37 | TAG_Sitaux · wall_segment Palisade Wall x1 |
| 3:42 | 呱家軍 · wall_segment Palisade Wall x1 |
| 3:46 | 呱家軍 · wall_segment Palisade Wall x1 |
| 3:48 | 呱家軍 · wall_segment Palisade Wall x1 |
| 3:51 | 呱家軍 · wall_segment Palisade Wall x1 |
| 3:54 | 呱家軍 · wall_segment Palisade Wall x1 |
| 4:03 | 呱家軍 · wall_segment Palisade Wall x1 |
| 4:06 | 呱家軍 · wall_segment Palisade Wall x1 |
| 4:08 | 呱家軍 · wall_segment Palisade Wall x1 |
| 4:10 | 呱家軍 · wall_segment Palisade Wall x1 |
| 4:15 | 呱家軍 · wall_segment Palisade Wall x1 |
| 4:35 | 呱家軍 · wall_segment Palisade Wall x1 |
| 4:59 | 呱家軍 · wall_segment Palisade Wall x1 |
| 5:00 | 呱家軍 · wall_segment Palisade Wall x1 |
| 5:02 | 呱家軍 · wall_segment Palisade Wall x1 |
| 6:48 | TAG_Sitaux · wall_segment Palisade Wall x1 |
| 10:10 | JadeArrowGamer · first_building Barracks |
| 10:48 | Smiley · age_up feudal |
| 10:56 | TAG_Sitaux · age_up feudal |
| 10:58 | Adam · age_up feudal |
| 11:09 | Paradigma · age_up feudal |
| 11:10 | Caféglacé · age_up feudal |
| 11:26 | 呱家軍 · age_up feudal |
| 11:46 | Niilcha · age_up feudal |
| 11:46 | JadeArrowGamer · age_up feudal |
| 11:49 | JadeArrowGamer · first_building Stable |
| 12:28 | Adam · first_market_sell 100 wood |
| 14:14 | Smiley · age_up castle |
| 14:23 | TAG_Sitaux · first_market_buy 100 stone |
| 14:27 | TAG_Sitaux · age_up castle |
| 14:48 | Caféglacé · age_up castle |
| 14:48 | Smiley · first_building Monastery |
| 14:52 | Caféglacé · first_building Monastery |
| 15:00 | 呱家軍 · age_up castle |
| 15:12 | Caféglacé · first_market_buy 100 wood |
| 15:15 | Paradigma · age_up castle |
| 15:15 | Adam · age_up castle |
| 15:16 | Niilcha · age_up castle |
| 15:17 | Adam · first_building Castle |
| 15:17 | JadeArrowGamer · age_up castle |
| 15:18 | JadeArrowGamer · first_building Monastery |
| 15:34 | Caféglacé · first_market_sell 100 wood |
| 15:41 | 呱家軍 · wall_segment Stone Wall x5 |
| 15:48 | 呱家軍 · wall_segment Stone Wall x2 |
| 15:50 | 呱家軍 · wall_segment Stone Wall x2 |
| 15:52 | 呱家軍 · wall_segment Stone Wall x1 |
| 15:56 | Adam · first_market_buy 100 stone |
| 16:01 | 呱家軍 · wall_segment Stone Wall x1 |
| 16:03 | 呱家軍 · wall_segment Stone Wall x1 |
| 16:16 | Adam · wall_segment Stone Wall x1 |
| 16:45 | Adam · first_building Monastery |
| 17:09 | 呱家軍 · first_building Siege Workshop |
| 18:59 | Niilcha · first_building Barracks |
| 20:19 | Smiley · first_market_buy 100 stone |
| 20:21 | Adam · first_building Siege Workshop |
| 21:03 | Paradigma · first_building Barracks |
| 21:21 | TAG_Sitaux · first_building Siege Workshop |
| 22:18 | Niilcha · first_building Siege Workshop |
| 23:14 | Caféglacé · first_building Barracks |
| 23:19 | Niilcha · wall_segment Palisade Wall x1 |
| 23:57 | Paradigma · first_building Stable |
| 24:48 | Niilcha · first_building Monastery |
| 24:53 | Caféglacé · first_building Stable |
| 25:36 | JadeArrowGamer · first_building Castle |
| 25:40 | Paradigma · first_building Siege Workshop |
| 25:40 | Smiley · first_building Barracks |
| 26:00 | 呱家軍 · first_market_sell 500 wood |
| 26:02 | 呱家軍 · first_market_buy 100 food |
| 26:26 | Niilcha · first_building Archery Range |
| 26:41 | 呱家軍 · first_building Barracks |
| 26:47 | Smiley · first_building Stable |
| 26:47 | TAG_Sitaux · first_building Monastery |
| 27:15 | TAG_Sitaux · first_building Castle |
| 27:18 | TAG_Sitaux · first_building Barracks |
| 27:39 | TAG_Sitaux · wall_segment Palisade Wall x1 |
| 27:42 | 呱家軍 · first_building Archery Range |
| 27:42 | TAG_Sitaux · wall_segment Palisade Wall x1 |
| 27:43 | TAG_Sitaux · wall_segment Palisade Wall x1 |
| 28:00 | Caféglacé · first_building Castle |
| 28:21 | Niilcha · age_up imperial |
| 28:21 | Smiley · age_up imperial |
| 28:26 | Smiley · first_building Castle |
| 28:59 | TAG_Sitaux · first_building Archery Range |
| 28:59 | 呱家軍 · wall_segment Stone Wall x1 |
| 29:15 | 呱家軍 · age_up imperial |
| 29:21 | TAG_Sitaux · age_up imperial |
| 29:23 | Paradigma · first_building Castle |
| 29:24 | TAG_Sitaux · first_building Stable |
| 29:25 | Adam · first_building Barracks |
| 29:40 | Caféglacé · age_up imperial |
| 30:32 | Adam · age_up imperial |
| 30:58 | JadeArrowGamer · age_up imperial |
| 31:08 | Niilcha · first_market_sell 500 food |
| 31:21 | Niilcha · first_building Castle |
| 31:32 | Paradigma · age_up imperial |
| 32:49 | Niilcha · first_market_buy 100 wood |
| 33:45 | TAG_Sitaux · first_market_sell 100 wood |
| 35:09 | 呱家軍 · first_building Castle |
| 36:46 | Smiley · first_market_sell 500 wood |
| 38:57 | Smiley · first_building Siege Workshop |
| 39:21 | Niilcha · resign |
[ AI ANALYSIS · 1 CREDIT ]
What really happened in this match?
Wolo.gg analyzes every decision: build order, eco, micro, common mistakes by bracket. Personalized analysis on WhatsApp or Discord in 30 seconds.
Civ guide
Persians
Perfil
Smiley